 Dungeon Crawl Stone Soup version 0.27.1-33-g824d729ab1 (webtiles) character file.

Game seed: 2492458096982774207

7304 walnutcon the Nimble (level 11, -3/71 HPs)
             Began as a Merfolk Transmuter on Dec 20, 2021.
             Was an Elder of Fedhas.
             Succumbed to Sonja's poison
             ... on level 10 of the Dungeon.
             The game lasted 00:54:24 (11992 turns).

walnutcon the Nimble (Merfolk Transmuter)          Turns: 11992, Time: 00:54:24

Health: -3/71      AC:  6    Str: 11    XL:     11   Next: 13%
Magic:  12/14      EV: 35    Int: 14    God:    Fedhas [****..]
Gold:   415        SH:  0    Dex: 21    Spells: 4/14 levels left

rFire    . . .     SeeInvis .     - Unarmed
rCold    . . .     Faith    .   (shield currently unavailable)
rNeg     . . .     Spirit   .   (armour currently unavailable)
rPois    .         Reflect  .   (helmet currently unavailable)
rElec    .         Harm     .   (cloak currently unavailable)
rCorr    .         Rampage  .   (gloves currently unavailable)
Will     .....                  (boots currently unavailable)
Stlth    ++........             Q - amulet of the acrobat
HPRegen  0.21/turn              C - ring of poison resistance
MPRegen  0.14/turn              t - +4 ring of protection

@: lethally poisoned (-3 -> -51), about to teleport, spider-form
A: venomous fangs, tiny, (nimble swimmer 2), (mertail)
a: End Transformation, Renounce Religion, Wall of Briars, Grow Ballistomycete,
Overgrow


You were on level 10 of the Dungeon.
You worshipped Fedhas.
Fedhas was greatly pleased with you.
You were a venomous arachnid creature.
You visited 1 branch of the dungeon, and saw 10 of its levels.
You also visited: Bailey.

You collected 602 gold pieces.
You spent 187 gold pieces at shops.

Inventory:

Hand Weapons
 b - a +0 dagger
 k - a +0 shortbow
 A - a +2 whip of flaming
 H - a +1 flail of holy wrath
 K - a +0 fustibalus
 N - a +3 scimitar of draining
Missiles
 l - 2 throwing nets
 v - 278 stones
 O - 46 arrows
Armour
 a - a +0 robe
 c - a +0 pair of gloves
 d - +0 steam dragon scales
 i - a +2 robe
 r - a +0 buckler
 B - a +2 robe of cold resistance
 D - a +1 robe of fire resistance
 M - +0 acid dragon scales
 P - +0 acid dragon scales (melded)
Jewellery
 g - a +6 ring of intelligence
 p - a ring of protection from cold
 t - a +4 ring of protection (right front leg)
 C - a ring of poison resistance (left front leg)
 G - a ring of fire
 Q - an amulet of the acrobat (around neck)
 R - a ring of magical power
Wands
 z - a wand of acid (13)
 I - a wand of polymorph (10)
Scrolls
 e - 2 scrolls of fog
 f - a scroll of torment {unknown}
 n - a scroll of magic mapping {unknown}
 o - a scroll of immolation {unknown}
 q - a scroll of enchant weapon
 y - a scroll of noise
 E - a scroll of acquirement {unknown}
 F - a scroll of amnesia
 J - 3 scrolls of brand weapon {unknown}
Potions
 j - a potion of ambrosia
 s - 2 potions of degeneration
 u - 4 potions of attraction
 w - a potion of heal wounds
 x - a potion of brilliance {unknown}
 L - a potion of lignification


   Skills:
 - Level 1.4 Fighting
 * Level 14.7 Dodging
 - Level 10.5 Unarmed Combat
 - Level 2.1 Spellcasting
 + Level 10.3 Transmutations


You had 4 spell levels left.
You knew the following spells:

 Your Spells              Type           Power      Damage    Failure   Level
a - Beastly Appendage     Tmut           60%        N/A       3%          1
b - Wereblood             Tmut           30%        N/A       3%          2
c - Spider Form           Tmut/Pois      7%         N/A       22%         3
d - Ice Form              Ice/Tmut       15%        N/A       50%         4

Your spell library contained the following spells:

 Spells                   Type           Power      Damage    Failure   Level
 Passwall                 Tmut/Erth      12%        N/A       13%         2
 Freeze                   Ice            4%         1d3       45%         1
 Sandblast                Erth           2%         2d4       45%         1
 Shock                    Conj/Air       4%         1d3       45%         1
 Ensorcelled Hibernation  Hex/Ice        2%         N/A       56%         2
 Frozen Ramparts          Ice            2%         1d2       77%         3
 Ozocubu's Armour         Ice            1%         N/A       77%         3
 Swiftness                Air            1%         N/A       77%         3
 Tukima's Dance           Hex            1%         N/A       77%         3
 Airstrike                Air            0%         N/A       98%         4
 Hailstorm                Conj/Ice       1%         3d3       98%         4
 Passage of Golubria      Tloc           N/A        N/A       98%         4
 Blade Hands              Tmut           15%        N/A       24%         5
 Yara's Violent Unravell  Hex/Tmut       7%         3d5       80%         5
 Lee's Rapid Deconstruct  Erth           0%         3d5*      100%        5
 Shadow Creatures         Summ           N/A        N/A       100%        6
 Ozocubu's Refrigeration  Ice            0%         4d5       100%        7


Dungeon Overview and Level Annotations

Branches:
Dungeon (10/15)            Temple (0/1) D:7          Bailey (visited)
   Lair: D:8-11         Orc: D:9-12

Altars:
Elyvilon
Fedhas
Hepliaklqana
Makhleb
Nemelex Xobeh
Okawaru
Trog
Uskayaw
Wu Jian
Yredelemnul
Zin
The Shining One

Shops:
D:2 **   D:3 *   D:8 !

Annotations:
D:10 Sonja


Innate Abilities, Weirdness & Mutations

You are a venomous arachnid creature.
You have poisonous fangs.
You are tiny and dextrous.
Your spellcasting is less reliable in this form.
Your armour is entirely melded.
You are incapable of wielding weapons or throwing items.
((You are quick and stealthy near water. (Stealth+, EV+, Speed+++)))
((Your lower body shifts to a powerful aquatic tail in water.))


Message History

You are poisoned.
Sonja completely misses you.
You miss Sonja.
You feel sick. Sonja misses you.
Sonja hits you with a +1 short sword of venom.
You are more poisoned.
Sonja hits you but does no damage.
You are more poisoned.
Sonja misses you.
Sonja hits you with a +1 short sword of venom.
You are more poisoned.
Sonja hits you with a +1 short sword of venom!
You are lethally poisoned!
You barely miss Sonja.
You feel extremely sick. Sonja barely misses you. Sonja closely misses you.
Sonja completely misses you.
You miss Sonja.
You feel extremely sick. Sonja misses you.
Sonja hits you with a +1 short sword of venom.
You are more poisoned.
Sonja completely misses you.
You barely miss Sonja.
You feel extremely sick.
Sonja hits you with a +1 short sword of venom.
* * * LOW HITPOINT WARNING * * *
You are more poisoned.
Sonja hits you but does no damage.
You are more poisoned.
Sonja completely misses you.
As you read the scroll of teleportation, it crumbles to dust.
You feel strangely unstable.
* * * LOW HITPOINT WARNING * * *
You feel extremely sick. Sonja completely misses you. x3
Okay, then.
Blink to where?
Press: ? - help, Dir - move target
As you read the scroll of blinking, it crumbles to dust.
You die...
Fedhas appreciates your contribution to the ecosystem.

#.##.# #...........#
#.##.#
##########..#######
#....# #.§KT<....
###..# #.########
#..##### .(.# #......#
#.....
#.##.#.#####.....
#.................
#........s........
#......#####.....##
#..#.#.# ### #..#.#.#
#..#.#.# # #..#.#.# .#
#..#.#.## #.##
#..#....##########....#
#.
###.........<.#....##


There were no monsters in sight!

Vanquished Creatures
  Erica (D:8)
  2 two-headed ogres (D:9)
  Pikel (D:6)
  Maggie (D:8)
  2 steam dragons
  5 yaks (D:9)
  3 vampire mosquitoes (D:10)
  Duvessa (D:7)
  An acid dragon (D:8)
  2 water moccasins
  An ice beast (D:7)
  3 orc warriors
  4 black bears
  An ogre (D:4)
  A centaur (D:8)
  A phantom (D:6)
  2 bullfrogs
  A gnoll sergeant (D:9)
  A scorpion (D:5)
  A water moccasin zombie (D:7)
  Dowan (D:7)
  6 killer bees (D:9)
  2 howler monkeys (D:9)
  3 bullfrog zombies (D:5)
  3 centaur zombies
  3 orc priests
  2 hounds
  2 jellies
  Jessica (D:2)
  3 gnoll shamans
  6 iguanas
  7 orc wizards
  2 killer bee zombies (D:7)
  A hound skeleton (D:4)
  Robin (D:4)
  17 gnolls
  7 adders
  A shadow imp (D:7)
  An ufetubus (D:5)
  A worm (D:2)
  4 dart slugs
  20 orcs
  6 endoplasms
  2 giant cockroaches
  8 goblins
  10 hobgoblins
  6 jackals
  3 quokkas
  7 ball pythons
  4 bats
  5 frilled lizards
  8 kobolds
  4 rats
  A spectral hobgoblin (D:3)
193 creatures vanquished.

Vanquished Creatures (others)
  A centaur (D:8)
  3 plants (D:5)
4 creatures vanquished.

Grand Total: 197 creatures vanquished

Notes
Turn   | Place    | Note
-------+----------+-------------------------------------------
     0 | D:1      | walnutcon the Merfolk Transmuter began the quest for the
                  | Orb.
     0 | D:1      | Reached XP level 1. HP: 15/15 MP: 3/3
    87 | D:1      | Reached XP level 2. HP: 11/21 MP: 3/5
   386 | D:1      | Reached skill level 3 in Dodging
   999 | D:1      | Learned a level 2 spell: Wereblood
  1148 | D:1      | Found a faded altar of an unknown god.
  1329 | D:2      | Reached XP level 3. HP: 17/26 MP: 6/6
  1592 | D:2      | Noticed Jessica
  1603 | D:2      | Found Uhasy's Assorted Antiques.
  1622 | D:2      | Learned a level 3 spell: Spider Form
  1631 | D:2      | Killed Jessica
  1670 | D:2      | Reached XP level 4. HP: 17/32 MP: 3/7
  1902 | D:2      | Reached skill level 5 in Transmutations
  1955 | D:2      | Found Lept's General Store.
  1964 | D:2      | Bought a potion of heal wounds for 55 gold pieces
  2822 | D:2      | Bought a scroll of fear for 38 gold pieces
  2822 | D:2      | Bought a scroll of identify for 22 gold pieces
  3022 | D:3      | Found a blossoming altar of Fedhas.
  3022 | D:3      | Found a basalt altar of Yredelemnul.
  3026 | D:3      | Became a worshipper of Fedhas Madash
  3065 | D:3      | Reached XP level 5. HP: 30/37 MP: 4/8
  3177 | D:3      | Found Giachebi's Assorted Antiques.
  3939 | D:3      | Found a hazy altar of Hepliaklqana.
  3950 | D:3      | Got the Catalogue of Transformation
  4495 | D:4      | Reached skill level 5 in Unarmed Combat
  4762 | D:4      | Reached * piety under Fedhas
  4769 | D:4      | Reached XP level 6. HP: 32/43 MP: 5/9
  4869 | D:4      | Found a glowing golden altar of the Shining One.
  5017 | D:4      | Noticed Robin
  5091 | D:5      | Entered Level 5 of the Dungeon
  5145 | D:5      | Noticed a black bear
  5164 | D:5      | Killed a black bear
  5504 | D:5      | Noticed a black bear
  5530 | D:5      | Killed a black bear
  5531 | D:5      | Reached XP level 7. HP: 26/48 MP: 8/10
  5945 | D:5      | You fall into a shaft and drop 2 floors!
  6078 | D:7      | Found a staircase to the Ecumenical Temple.
  6134 | D:7      | Noticed Duvessa
  6206 | D:7      | Reached XP level 8. HP: 54/54 MP: 4/11
  6230 | D:6      | Noticed Pikel
  6245 | D:6      | Killed Pikel
  6245 | D:6      | Reached ** piety under Fedhas
  6246 | D:6      | Reached skill level 10 in Unarmed Combat
  6556 | D:6      | Found a glowing silver altar of Zin.
  6835 | D:6      | Reached XP level 9. HP: 59/59 MP: 9/12
  6876 | D:6      | Learned a level 4 spell: Ice Form
  7373 | D:6      | Found a sparkling altar of Nemelex Xobeh.
  8593 | D:4      | Killed Robin
  8649 | D:4      | Reached skill level 10 in Transmutations
  8836 | D:4      | Reached *** piety under Fedhas
  9020 | D:7      | Reached skill level 4 in Dodging
  9105 | D:7      | Noticed Dowan
  9126 | D:7      | Killed Dowan
  9127 | D:7      | Reached skill level 5 in Dodging
  9145 | D:7      | Killed Duvessa
  9229 | D:7      | Reached skill level 6 in Dodging
  9840 | D:8      | Found a burning altar of Makhleb.
  9900 | D:8      | Found Soghuu's Distillery.
  9917 | D:8      | Bought a potion of curing for 36 gold pieces
  9917 | D:8      | Bought a potion of lignification for 36 gold pieces
  9917 | D:8      | Noticed Maggie
  9940 | D:8      | Reached skill level 7 in Dodging
  9940 | D:8      | Killed Maggie
  9941 | D:8      | Reached skill level 8 in Dodging
 10069 | D:8      | Reached skill level 9 in Dodging
 10086 | D:8      | Reached XP level 10. HP: 66/66 MP: 10/13
 10235 | D:8      | Found a flagged portal.
 10243 | Bailey   | Entered a bailey
 10244 | Bailey   | Noticed an orc knight
 10244 | Bailey   | Noticed an orc knight
 10267 | Bailey   | Reached skill level 10 in Dodging
 10531 | D:8      | Noticed Erica
 10540 | D:8      | Killed Erica
 10541 | D:8      | Reached skill level 11 in Dodging
 10571 | D:8      | Found a white marble altar of Elyvilon.
 10949 | D:8      | Found an ornate altar of the Wu Jian Council.
 11003 | D:9      | Found an iron altar of Okawaru.
 11035 | D:9      | Reached skill level 12 in Dodging
 11176 | D:9      | Reached **** piety under Fedhas
 11200 | D:9      | Noticed a two-headed ogre
 11245 | D:9      | Found a hide-covered altar of Uskayaw.
 11275 | D:9      | Killed a two-headed ogre
 11276 | D:9      | Reached skill level 13 in Dodging
 11598 | D:9      | Noticed a two-headed ogre
 11612 | D:9      | Killed a two-headed ogre
 11613 | D:9      | Reached skill level 14 in Dodging
 11613 | D:9      | Reached XP level 11. HP: 50/71 MP: 5/14
 11637 | D:10     | Entered Level 10 of the Dungeon
 11743 | D:10     | Found a bloodstained altar of Trog.
 11981 | D:10     | Noticed Sonja
 11992 | D:10     | Succumbed to Sonja's poison

Illustrated notes

Levels and vault maps discovered:
D:1:      lemuel_arrival_behind_the_door_small, layout_basic,
          hellmonk_ecumenical_altar_run_dry, minmay_nonomino_d4
D:2:      layout_loops_ring, serial_shops, shop_coins, shop, uniq_jessica
D:3:      layout_loops_corners, mainiacjoe_overflow_divided_tiny,
          nicolae_hepliaklqana_monster_ancestors, serial_shops,
          nicolae_diamond_shop, grunt_ministairs_2, skrybe_limestone_x,
          st_stairs_2, minivault_5
D:4:      layout_cave_pools, mainiacjoe_overflow_surrounded_room,
          hangedman_decor_opposing, uniq_robin
D:5:      wad_river_or_something, layout_basic, serial_curves, eino_curves_03,
          eino_curves_01, eino_curves_01, corexii_shack, serial_bayou_crossing
D:6:      layout_basic, nemelex_xobeh_ov_fountains_minmay,
          amcnicky_altar_gilded, feat_on_display, uniq_pikel
D:7:      layout_cave_pools, minmay_temple_entry_statues_fountains, uniq_duvessa
D:8:      layout_loops_cross, elyvilon_altar_4,
          pdpol_wu_jian_five_deadly_venoms, mainiacjoe_overflow_small_starburst,
          serial_shops, shop, enter_bailey_6, uniq_erica, uniq_maggie
D:9:      layout_rooms, kennysheep_mini, okawaru_metal_pillars_1_2,
          serial_glass, glass_columns_a, glass_columns_b, item_on_display_a,
          feat_on_display, item_on_display_a
D:10:     due_chaos_kobolds, layout_loops_ring, lemuel_doored_altar,
          kennysheep_small_square, uniq_sonja

Skill      XL: |  1  2  3  4  5  6  7  8  9 10 |
---------------+-------------------------------+-----
Dodging        | 3 9 14 | 14.7
Transmutations | 3 4 6 8 10 | 10.3
Unarmed Combat | 5 7 8 10 | 10.5
Fighting       | |  1.4
Spellcasting   | |  2.1

Action                   |  1- 3 |  4- 6 |  7- 9 | 10-12 || total
-------------------------+-------+-------+-------+-------++-------
Melee: Unarmed           |   104 |   154 |   257 |   181 ||   696
       Headbutt          |    11 |    12 |    16 |     8 ||    47
       Punch             |       |     1 |     4 |     3 ||     8
 Cast: Beastly Appendage |    19 |    20 |    15 |     8 ||    62
       Spider Form       |     1 |    17 |    23 |    11 ||    52
       Wereblood         |       |     1 |     5 |     5 ||    11
  Use: Potion            |       |       |     3 |     8 ||    11
       Scroll            |       |       |     2 |    13 ||    15
 Stab: Sleeping          |     1 |       |     2 |       ||     3
Armor: Robe              |    18 |    22 |    30 |       ||    70
       Skin              |       |    20 |    30 |     8 ||    58
       Acid dragon scale |       |       |       |    17 ||    17
Dodge: Dodged            |    98 |   132 |   211 |   254 ||   695
